[Event "Titled Tuesday Blitz April 25 Early 2023"]
[White "Gurevich, Dmitry"]
[Black "Schnaider, Ilan"]
[WhiteFideId "2000407"]
[BlackFideId "169013"]
[WhiteElo "2506"]
[BlackElo "2224"]
[Result "0-1"]
[Round "06"]
[TimeControl "180+2"]
[Date "2023.04.25"]
[WhiteClock "0:00:01"]
[BlackClock "0:00:06"]

1. d4 Nf6 2. c4 g6 3. Nc3 d5 4. Nf3 Bg7 5. cxd5 Nxd5 6. Bd2 c5 7. Rc1 O-O 8. dxc5 Nc6 9. e3 Ndb4 10. a3 Nd3+ 11. Bxd3 Qxd3 12. Qe2 Bf5 13. e4 Qxe2+ 14. Kxe2 Bg4 15. Be3 Na5 16. h3 Be6 17. Rhd1 Nc4 18. b4 Nxa3 19. Nd4 Bc4+ 20. Kf3 e5 21. Nde2 f5 22. exf5 gxf5 23. g3 Nb5 24. Nxb5 Bxb5 25. Nc3 Bc6+ 26. Ke2 f4 27. gxf4 exf4 28. Bd4 Rae8+ 29. Kf1 Bh6 30. b5 Bf3 31. Rd3 Bh5 32. Nd5 f3 33. Nf6+ Rxf6 34. Bxf6 Bxc1 35. Rd7 Ba3 36. Rg7+ Kf8 37. c6 Bb4 38. Kg1 Re1+ 39. Kh2 Bd6+ 40. Rg3 Bxg3+ 41. Kxg3 bxc6 0-1


[Site "https://www.chess.com"]

[Event "Titled Tuesday Blitz April 25 Early 2023"]
[White "Skliarov, Viktor"]
[Black "Vivas Zamora, Fabian Ernesto"]
[WhiteFideId "14106736"]
[BlackFideId "3902480"]
[WhiteElo "2317"]
[BlackElo "2262"]
[Result "1-0"]
[Round "06"]
[TimeControl "180+2"]
[Date "2023.04.25"]
[WhiteClock "0:00:49"]
[BlackClock "0:00:03"]

1. e4 c5 2. Nf3 d6 3. d4 cxd4 4. Qxd4 Nf6 5. Nc3 Nc6 6. Bb5 Bd7 7. Bxc6 Bxc6 8. Bg5 e6 9. O-O-O Be7 10. Rhe1 O-O 11. Kb1 Qa5 12. Qd2 Kh8 13. Nd4 Rfc8 14. f4 b5 15. Nb3 Qc7 16. Bxf6 gxf6 17. f5 b4 18. Ne2 e5 19. Qxb4 d5 20. Qd2 dxe4 21. Nc3 Bb4 22. Qh6 Qe7 23. Nxe4 Bxe4 24. Rxe4 a5 25. Rh4 1-0


[Site "https://www.chess.com"]

[Event "Titled Tuesday Blitz April 25 Early 2023"]
[White "KorolDimitriy75"]
[Black "Odegov, Artem"]
[BlackFideId "34183644"]
[WhiteElo "2431"]
[BlackElo "2300"]
[Result "0-1"]
[Round "06"]
[TimeControl "180+2"]
[Date "2023.04.25"]
[WhiteClock "0:00:01"]
[BlackClock "0:01:45"]

1. d4 d5 2. c4 e6 3. Nc3 c5 4. cxd5 exd5 5. Nf3 Nc6 6. g3 Nf6 7. Bg2 Be7 8. O-O O-O 9. dxc5 Bxc5 10. Na4 Be7 11. Be3 Bg4 12. Rc1 Re8 13. Bc5 Rc8 14. Re1 h6 15. a3 Bxc5 16. Nxc5 Qe7 17. b4 Rcd8 18. Nd4 Ne5 19. Qb3 Nc4 20. e3 Ne5 21. h3 Bh5 22. Nd3 Nxd3 23. Qxd3 Bg6 24. Qb3 Ne4 25. Qb2 Rc8 26. Rxc8 Rxc8 27. Rc1 Qd7 28. Rc2 Rxc2 29. Nxc2 Qc7 30. Nd4 Qc4 31. Bf1 Qc8 32. Qb3 Qc1 33. Qxd5 Nd2 34. Qg2 Bd3 35. Qxb7 Qxf1+ 36. Kh2 Qxf2+ 37. Qg2 Nf1+ 38. Kh1 Be4 39. Qxe4 Nxg3# 0-1


[Site "https://www.chess.com"]

[Event "Titled Tuesday Blitz April 25 Early 2023"]
[White "a-z30"]
[Black "Arias, Juan Cruz"]
[BlackFideId "118540"]
[WhiteElo "2413"]
[BlackElo "2243"]
[Result "0-1"]
[Round "06"]
[TimeControl "180+2"]
[Date "2023.04.25"]
[WhiteClock "0:00:18"]
[BlackClock "0:00:05"]

1. d3 d5 2. Nf3 c5 3. g3 Nc6 4. Bg2 e5 5. O-O Be7 6. c4 Nf6 7. Bg5 d4 8. Nbd2 O-O 9. a3 a5 10. Qc2 h6 11. Bxf6 Bxf6 12. Rfe1 Bf5 13. e3 dxe3 14. Rxe3 Re8 15. Ne4 Be7 16. Nc3 Bf8 17. Nd5 Bh7 18. Rae1 f6 19. Qd1 Qd6 20. Nh4 Nd4 21. f4 g5 22. fxe5 Rxe5 23. Rxe5 fxe5 24. Nf3 Nc6 25. Nd2 Nd4 26. Be4 Bg7 27. Bxh7+ Kxh7 28. Ne4 Qg6 29. Nxc5 Rf8 30. Rf1 g4 31. Rxf8 Bxf8 32. Ne4 Nf3+ 33. Kg2 Bg7 34. h4 Qc6 35. Qe2 b5 36. b3 a4 37. cxb5 Qxd5 38. b6 Qd4 39. Qf2 Qd7 40. bxa4 Qxa4 41. Qb2 Qd1 42. Kf2 Qg1+ 43. Ke2 Qe1# 0-1


[Site "https://www.chess.com"]

[Event "Titled Tuesday Blitz April 25 Early 2023"]
[White "Karthik Sai Ch"]
[Black "Safin, Robert"]
[WhiteFideId "46649484"]
[BlackFideId "34189120"]
[WhiteElo "2003"]
[BlackElo "2245"]
[Result "1/2-1/2"]
[Round "06"]
[TimeControl "180+2"]
[Date "2023.04.25"]
[WhiteClock "0:00:54"]
[BlackClock "0:00:04"]

1. d4 Nf6 2. Nf3 d5 3. Bf4 c5 4. e3 Nc6 5. Nbd2 cxd4 6. exd4 Bg4 7. c3 e6 8. Qb3 Bd6 9. Qxb7 Bxf4 10. Qxc6+ Kf8 11. Bd3 Rb8 12. O-O Rxb2 13. Rab1 Rxd2 14. Nxd2 Bxd2 15. Qc5+ Kg8 16. Qxa7 Bf4 17. Rb7 Ne8 18. Rxf7 Bc7 19. Rxc7 Qxc7 20. Qa8 Kf7 21. Rb1 Kf6 22. h3 Bf5 23. Bxf5 Kxf5 24. Rb8 Qd7 25. a4 Nc7 26. Qb7 Rxb8 27. Qxb8 Qc6 28. a5 Kg6 29. Qb4 Kf7 30. Kh2 Ke8 31. Qb8+ Kf7 32. Qb4 h6 33. h4 Ke8 34. Qb8+ Kf7 35. Qb4 Nb5 36. Qc5 Qxc5 37. dxc5 Ke7 38. Kg3 Kd7 39. Kf4 Kc6 40. a6 Kxc5 41. Ke5 Kb6 42. Kxe6 Nxc3 43. Ke5 Kxa6 44. Kd4 Nd1 45. f3 Kb7 46. Kxd5 Ne3+ 47. Ke6 Nxg2 48. Kf7 Nxh4 49. Kxg7 Nf5+ 50. Kg6 Nd4 51. f4 Kc6 52. Kxh6 Kd6 53. Kg6 Ke7 54. f5 Nxf5 1/2-1/2


[Site "https://www.chess.com"]

[Event "Titled Tuesday Blitz April 25 Early 2023"]
[White "Dzagnidze, Nana"]
[Black "ArrestingPieces"]
[WhiteFideId "13601903"]
[WhiteElo "2406"]
[BlackElo "2358"]
[Result "1-0"]
[Round "06"]
[TimeControl "180+2"]
[Date "2023.04.25"]
[WhiteClock "0:00:12"]
[BlackClock "0:00:28"]

1. d4 d5 2. c4 e6 3. Nc3 Be7 4. cxd5 exd5 5. Bf4 Nf6 6. e3 O-O 7. Bd3 c5 8. dxc5 Bxc5 9. Nge2 Nc6 10. O-O Bg4 11. Bg5 Be7 12. h3 Bxe2 13. Nxe2 h6 14. Bh4 Ne4 15. Bxe7 Qxe7 16. Rc1 Rad8 17. Bb5 Qf6 18. Bxc6 bxc6 19. Qd4 Qxd4 20. Nxd4 c5 21. Nf3 Rc8 22. Rfd1 Rfd8 23. b3 Kf8 24. Ne1 Ke7 25. f3 Nf6 26. Kf2 a5 27. Nd3 c4 28. Nb2 cxb3 29. axb3 d4 30. e4 Rc3 31. Rxc3 dxc3 32. Rxd8 Kxd8 33. Nd3 Kc7 34. Ke3 Nh5 35. Ne5 Kb6 36. Kd3 Nf4+ 37. Kxc3 Nxg2 38. Nxf7 Kc5 39. Ne5 Nf4 40. Nd3+ Nxd3 41. Kxd3 Kb4 42. Kc2 g5 43. Kb2 a4 44. bxa4 Kxa4 45. Kc3 Kb5 46. Kd4 Kb4 47. e5 Kb5 48. Kd5 1-0


[Site "https://www.chess.com"]

[Event "Titled Tuesday Blitz April 25 Early 2023"]
[White "Rosenberg, Evan S"]
[Black "Vovk, Orest"]
[WhiteFideId "2019299"]
[BlackFideId "14113490"]
[WhiteElo "2289"]
[BlackElo "2215"]
[Result "1-0"]
[Round "06"]
[TimeControl "180+2"]
[Date "2023.04.25"]
[WhiteClock "0:00:05"]
[BlackClock "0:00:03"]

1. d4 e5 2. dxe5 Nc6 3. Nf3 Qe7 4. Bf4 Qb4+ 5. Bd2 Qxb2 6. Nc3 Bb4 7. Rb1 Qxc3 8. Bxc3 Bxc3+ 9. Nd2 Nxe5 10. Rb3 Ba5 11. c3 Nf6 12. f4 Neg4 13. Nc4 Bb6 14. Nxb6 axb6 15. e4 Rxa2 16. e5 Ne3 17. Qc1 Nfg4 18. Rb2 Ra4 19. h3 Nxf1 20. Kxf1 Nh6 21. g4 O-O 22. f5 d6 23. f6 Bd7 24. Qg5 Ra1+ 25. Kf2 Nf5 26. gxf5 g6 27. Qh6 Rf1+ 28. Rxf1 Kh8 29. Qxf8# 1-0


[Site "https://www.chess.com"]

[Event "Titled Tuesday Blitz April 25 Early 2023"]
[White "Aung Thant Zin"]
[Black "Lehtosaari, Mauri"]
[WhiteFideId "13000063"]
[BlackFideId "501999"]
[WhiteElo "2278"]
[BlackElo "2533"]
[Result "0-1"]
[Round "06"]
[TimeControl "180+2"]
[Date "2023.04.25"]
[WhiteClock "0:00:11"]
[BlackClock "0:00:09"]

1. c4 Nf6 2. Nc3 e5 3. Nf3 Nc6 4. e3 Bb4 5. Qc2 Bxc3 6. bxc3 O-O 7. Be2 b6 8. O-O Bb7 9. d3 d6 10. e4 Ne7 11. a4 a5 12. Rd1 Ng6 13. g3 h6 14. Bf1 Nh7 15. Bg2 Rb8 16. d4 Qe7 17. Re1 Ba6 18. Nd2 Ng5 19. h4 Ne6 20. h5 Nh8 21. Qd3 f6 22. Nf3 Nf7 23. Nh4 Qd8 24. Nf5 Neg5 25. f4 Nh7 26. Bf1 Kh8 27. Qf3 Bb7 28. Nh4 Re8 29. Bh3 Bc8 30. Bf5 Nf8 31. Qg4 Qe7 32. Bxc8 Ng5 33. fxg5 fxg5 34. Nf5 Qf7 35. Bb7 Rxb7 36. Kg2 Nh7 37. Rf1 Nf6 38. Qe2 Qxh5 39. Rh1 Qxe2+ 0-1


[Site "https://www.chess.com"]

[Event "Titled Tuesday Blitz April 25 Early 2023"]
[White "Rustemov, Alexander"]
[Black "Kielinkei"]
[WhiteFideId "4119002"]
[WhiteElo "2765"]
[BlackElo "2424"]
[Result "1-0"]
[Round "06"]
[TimeControl "180+2"]
[Date "2023.04.25"]
[WhiteClock "0:00:57"]
[BlackClock "0:00:31"]

1. d4 Nf6 2. c4 e6 3. Nf3 c5 4. d5 b5 5. Bg5 exd5 6. cxd5 h6 7. Bxf6 Qxf6 8. Qc2 c4 9. Nc3 Bb4 10. a4 bxa4 11. Rxa4 a5 12. e3 O-O 13. Bxc4 d6 14. O-O Nd7 15. Ne4 Qe7 16. Nd4 Ne5 17. Nc6 Nxc6 18. dxc6 Be6 19. Bxe6 fxe6 20. Raa1 Rac8 21. Rac1 d5 22. Ng3 Rc7 23. Qa4 Qd6 24. Rc2 Bc5 25. Qxa5 Rxc6 26. Rfc1 Rfc8 27. Qc3 R6c7 28. Qd3 Bb6 29. h3 Rxc2 30. Rxc2 Rxc2 31. Qxc2 Bc7 32. Qg6 Qe5 33. b4 Qa1+ 34. Nf1 Qa4 35. Qxe6+ Kh7 36. Qf5+ Kg8 37. Qc8+ 1-0


[Site "https://www.chess.com"]

[Event "Titled Tuesday Blitz April 25 Early 2023"]
[White "Papasimakopoulos, Alexandros"]
[Black "Harriott, Tyrell"]
[WhiteFideId "4244125"]
[BlackFideId "2086484"]
[WhiteElo "2359"]
[BlackElo "2107"]
[Result "1-0"]
[Round "06"]
[TimeControl "180+2"]
[Date "2023.04.25"]
[WhiteClock "0:00:37"]
[BlackClock "0:00:02"]

1. e4 d6 2. h4 Nf6 3. Nc3 e5 4. Bc4 Be7 5. Nge2 c6 6. d4 Qc7 7. f3 b5 8. dxe5 dxe5 9. Bb3 Nbd7 10. Be3 Nc5 11. g4 a5 12. a3 Nxb3 13. cxb3 Be6 14. Qc2 Qb7 15. Ng3 g6 16. h5 O-O-O 17. g5 Nd7 18. Kf2 Nc5 19. Nd5 cxd5 20. Bxc5 Bxc5+ 21. Qxc5+ Kb8 22. hxg6 hxg6 23. exd5 Bxd5 24. Rhc1 Qa7 25. Qxa7+ Kxa7 26. Rc5 Kb6 27. b4 a4 28. Rd1 Bc4 29. Rxd8 Rxd8 30. Ne4 Rd4 31. Rxe5 Bd5 32. Nc3 Bc4 33. Rc5 Rd2+ 34. Ke3 Rxb2 35. Kd4 Rf2 36. Nxa4+ Kb7 37. Nc3 Rxf3 38. Nxb5 Bxb5 39. Rxb5+ Kc6 40. Rc5+ Kd6 41. a4 Rf4+ 42. Kc3 1-0


[Site "https://www.chess.com"]

[Event "Titled Tuesday Blitz April 25 Early 2023"]
[White "Kvaloy, Aksel Bu"]
[Black "Koutsin, Sergey"]
[WhiteFideId "1528815"]
[BlackFideId "14101483"]
[WhiteElo "2208"]
[BlackElo "2381"]
[Result "1-0"]
[Round "06"]
[TimeControl "180+2"]
[Date "2023.04.25"]
[WhiteClock "0:00:39"]
[BlackClock "0:00:04"]

1. e4 e6 2. d4 d5 3. Nc3 Nf6 4. e5 Nfd7 5. f4 c5 6. Nf3 Nc6 7. Be3 a6 8. Qd2 b5 9. Be2 Qb6 10. O-O Bb7 11. Nd1 b4 12. c3 Be7 13. f5 exf5 14. Nf2 cxd4 15. cxd4 h6 16. Nd3 Nd8 17. Rac1 Ne6 18. Nf4 Nxf4 19. Bxf4 g5 20. Be3 Nf8 21. Bd3 f4 22. Bf2 Ne6 23. Bf5 Kf8 24. Rc2 Kg7 25. Rfc1 Rac8 26. h4 Rxc2 27. Rxc2 Rc8 28. hxg5 hxg5 29. Rxc8 Bxc8 30. g3 Qc6 31. g4 a5 32. Kg2 Ba6 33. b3 Bb5 34. Qd1 Qc3 35. Qh1 Bd8 36. Qh7+ Kf8 37. Qh8+ Ke7 38. Bxe6 fxe6 39. Nxg5 1-0


[Site "https://www.chess.com"]

[Event "Titled Tuesday Blitz April 25 Early 2023"]
[White "wqws"]
[Black "Mazurkiewicz, Michal"]
[BlackFideId "1124943"]
[WhiteElo "2596"]
[BlackElo "2054"]
[Result "0-1"]
[Round "06"]
[TimeControl "180+2"]
[Date "2023.04.25"]
[WhiteClock "0:01:45"]
[BlackClock "0:01:32"]

1. e4 d6 2. d4 Nf6 3. Nc3 c6 4. Nf3 Bg4 5. h3 Bh5 6. g4 Bg6 7. Bd3 e6 8. Bd2 d5 9. e5 Nfd7 10. Qe2 c5 11. dxc5 Bxc5 12. h4 Nc6 13. h5 Bxd3 14. cxd3 Nd4 15. Nxd4 Bxd4 16. f4 Qb6 17. O-O-O Rc8 18. Qe1 Nc5 19. Rh3 Na4 0-1


[Site "https://www.chess.com"]

[Event "Titled Tuesday Blitz April 25 Early 2023"]
[White "Taboas Rodriguez, Daniel"]
[Black "Gatterer, Florian"]
[WhiteFideId "2208466"]
[BlackFideId "811688"]
[WhiteElo "2365"]
[BlackElo "2221"]
[Result "1-0"]
[Round "06"]
[TimeControl "180+2"]
[Date "2023.04.25"]
[WhiteClock "0:01:48"]
[BlackClock "0:00:05"]

1. d4 Nf6 2. Nf3 d5 3. c4 c6 4. cxd5 cxd5 5. Nc3 Nc6 6. Bf4 Bf5 7. e3 e6 8. Qb3 Bb4 9. Bb5 Bxc3+ 10. Qxc3 O-O 11. O-O Ne4 12. Qa3 Qb6 13. Bxc6 Qxc6 14. Rac1 Qb5 15. Nh4 Nd2 16. Nxf5 exf5 17. Rfd1 Nc4 18. Qb3 Qd7 19. Qb4 Rfc8 20. b3 Nb6 21. Rc5 h6 22. Rdc1 Rxc5 23. dxc5 Nc8 24. Qd4 Qc6 25. Rd1 Ne7 26. Bd6 Re8 27. Bxe7 Rxe7 28. Qxd5 Rc7 29. b4 g6 30. h4 Qxd5 31. Rxd5 b6 32. cxb6 axb6 33. Rb5 Rc6 34. a4 h5 35. Kh2 Kg7 36. Kg3 Kf6 37. f3 Ke6 38. Kf4 Kf6 39. a5 bxa5 40. bxa5 Rc4+ 41. e4 fxe4 42. fxe4 Ra4 43. Rb6+ Kg7 44. a6 Ra5 45. e5 Ra4+ 46. Kg3 Kf8 47. Kf3 Kg7 48. g3 Kf8 49. Ke3 Ke7 50. Kd3 Ra3+ 51. Kc4 Ra4+ 52. Kb5 Ra1 53. Rb7+ Ke6 54. a7 Rb1+ 55. Kc6 Rc1+ 56. Kb6 Rb1+ 57. Kc7 Ra1 58. Kb8 Kxe5 59. Rxf7 g5 60. hxg5 h4 61. gxh4 Rb1+ 62. Rb7 Ra1 63. a8=Q Ra7 64. Qxa7 1-0


[Site "https://www.chess.com"]

[Event "Titled Tuesday Blitz April 25 Early 2023"]
[White "kuanysh1981"]
[Black "Melikyan, Gnel"]
[BlackFideId "54109990"]
[WhiteElo "2412"]
[BlackElo "2138"]
[Result "1-0"]
[Round "06"]
[TimeControl "180+2"]
[Date "2023.04.25"]
[WhiteClock "0:00:04"]
[BlackClock "0:00:12"]

1. d4 d6 2. Nf3 Nf6 3. c4 c5 4. Nc3 cxd4 5. Nxd4 Nc6 6. g3 g6 7. Bg2 Bd7 8. O-O Bg7 9. b3 O-O 10. Bb2 Rc8 11. Rc1 a6 12. h3 Re8 13. Qd2 Qb6 14. Na4 Qd8 15. Nc3 Qb6 16. e3 Qa7 17. Rfd1 Ne5 18. Nd5 Bc6 19. Nxc6 bxc6 20. Nc3 Ned7 21. Na4 Nb6 22. Nxb6 Qxb6 23. Bc3 Qb7 24. Qb2 Red8 25. Qa3 Nd7 26. Ba5 Re8 27. h4 h5 28. Bh3 Ra8 29. Rc2 Nc5 30. Bg2 Rec8 31. Qc1 Qd7 32. Qd2 Qf5 33. Qe2 Qe6 34. e4 Nb7 35. Bd2 a5 36. Bg5 a4 37. b4 Re8 38. a3 Qc8 39. Be3 Nd8 40. Rb1 Ne6 41. Qd3 Qb7 42. f4 Red8 43. Qe2 Nf8 44. e5 dxe5 45. b5 Rac8 46. Rb4 exf4 47. gxf4 Qd7 48. bxc6 Qd1+ 49. Qxd1 Rxd1+ 50. Kf2 Ne6 51. Rxa4 Bd4 52. c5 Bxe3+ 53. Kxe3 Re1+ 54. Kf2 Rb1 55. Ra7 Nxf4 56. Bf3 Nd3+ 57. Ke3 Ne5 58. Rxe7 Nxf3 59. Kxf3 Rb3+ 60. Ke4 Rxa3 61. Kd5 Rd3+ 62. Kc4 Rd1 63. c7 Kf8 64. Rce2 Rc1+ 65. Kb5 Ra1 66. Re8+ Rxe8 67. Rxe8+ Kxe8 68. c8=Q+ Ke7 69. c6 Rb1+ 70. Kc4 Rc1+ 71. Kd3 Rd1+ 72. Ke2 Rd6 73. Qc7+ Ke6 74. Qb7 Rd7 75. Qxd7+ 1-0


[Site "https://www.chess.com"]

[Event "Titled Tuesday Blitz April 25 Early 2023"]
[White "Bas Mas, Jose Joaquin"]
[Black "Bodnaruk, Anastasia"]
[WhiteFideId "22219064"]
[BlackFideId "4181751"]
[WhiteElo "2233"]
[BlackElo "2310"]
[Result "0-1"]
[Round "06"]
[TimeControl "180+2"]
[Date "2023.04.25"]
[WhiteClock "0:00:02"]
[BlackClock "0:00:09"]

1. e4 c5 2. Nc3 d6 3. f4 Nc6 4. Nf3 g6 5. Bb5 Bd7 6. Bxc6 Bxc6 7. d3 Bg7 8. O-O Nf6 9. e5 dxe5 10. fxe5 Bxf3 11. Qxf3 Qd4+ 12. Kh1 Qxe5 13. Bf4 Qh5 14. Qxb7 O-O 15. Qxe7 Rae8 16. Qb7 g5 17. Bg3 Re3 18. Rf3 Rfe8 19. Raf1 R3e7 20. Qc6 Ng4 21. Qxc5 Ne3 22. Re1 Bf8 23. Qd4 Nxc2 24. Rxe7 Nxd4 25. Rxe8 Nxf3 26. Ne4 Kg7 27. gxf3 Qxf3+ 28. Kg1 Qd1+ 29. Kg2 f6 30. Nxf6 Qc2+ 31. Kg1 Bc5+ 0-1


[Site "https://www.chess.com"]

[Event "Titled Tuesday Blitz April 25 Early 2023"]
[White "Osinenko, Anton"]
[Black "Kopczynski, Michal"]
[WhiteFideId "4158970"]
[BlackFideId "1124200"]
[WhiteElo "2294"]
[BlackElo "2212"]
[Result "1-0"]
[Round "06"]
[TimeControl "180+2"]
[Date "2023.04.25"]
[WhiteClock "0:00:21"]
[BlackClock "0:00:06"]

1. e4 c5 2. Nf3 d6 3. c3 Nf6 4. g3 g6 5. Bg2 Bg7 6. O-O O-O 7. Re1 Nc6 8. d4 cxd4 9. Nxd4 Bg4 10. Qa4 Qd7 11. Nxc6 bxc6 12. e5 dxe5 13. Bxc6 Qf5 14. f4 exf4 15. Bxf4 Rac8 16. Re5 Qd3 17. Na3 Rxc6 18. Qxc6 Bf3 19. Qb5 Qd8 20. Rae1 Nh5 21. Rxe7 Nxf4 22. gxf4 Qd2 23. Qf1 Qxf4 24. R7e3 Qg5+ 25. Kf2 Bh5 26. Qg2 Qf4+ 27. Kg1 h6 28. Nc2 Qb8 29. b3 Qb6 30. Kh1 Rc8 31. Re8+ Rxe8 32. Rxe8+ Kh7 33. Re3 g5 34. Qd5 Bg6 35. Nd4 Qa6 36. Qg2 Qb6 37. Qd2 Qf6 38. Kg1 Qf4 39. Re2 Qg4+ 40. Rg2 Qh4 41. Qe3 Be4 42. Nf3 Bxf3 43. Qxf3 Qe1+ 44. Qf1 Qxc3 45. Kh1 Kg6 46. Rf2 f6 47. Rg2 Qc6 48. Qd3+ f5 49. h3 Kf6 50. Kg1 f4 51. Rd2 Kf7 52. Qd7+ Qxd7 53. Rxd7+ Kg6 54. Kf2 h5 55. Kf3 Kf5 56. Rd5+ Kg6 57. Ra5 Bd4 58. Ke4 Be3 59. Ra6+ Kf7 60. a4 g4 61. hxg4 hxg4 62. Rc6 g3 63. Kf3 Ke7 64. b4 Kd7 65. b5 Kd8 66. Rg6 Kc7 67. Ke4 Kb7 68. Kf3 Kc7 69. a5 Kb7 70. a6+ Kc7 71. Rg7+ Kb6 72. Rb7+ Ka5 73. Rb8 Ka4 74. Rb7 Ka5 75. Rb8 Ka4 76. b6 g2 77. Kxg2 Bxb6 78. Rxb6 axb6 79. a7 Kb5 80. a8=Q 1-0


[Site "https://www.chess.com"]

[Event "Titled Tuesday Blitz April 25 Early 2023"]
[White "Danielyan, Vahe"]
[Black "Petrova, Irina"]
[WhiteFideId "13304828"]
[BlackFideId "14124122"]
[WhiteElo "2423"]
[BlackElo "2084"]
[Result "1-0"]
[Round "06"]
[TimeControl "180+2"]
[Date "2023.04.25"]
[WhiteClock "0:00:04"]
[BlackClock "0:00:01"]

1. d4 d6 2. c4 e5 3. Nf3 e4 4. Nfd2 f5 5. Nc3 Nf6 6. Nb3 g6 7. d5 Bg7 8. Nd4 O-O 9. h4 a5 10. Bg5 Na6 11. e3 Nc5 12. Be2 Qe8 13. h5 Nfd7 14. hxg6 Qxg6 15. f4 exf3 16. Nxf3 Ne5 17. Bf4 Qxg2 18. Rh2 Qg6 19. Kd2 Nxf3+ 20. Bxf3 Ne4+ 21. Bxe4 fxe4 22. Qh1 Bg4 23. Rg1 h5 24. Qxe4 Bxc3+ 25. Kd3 Qxe4+ 26. Kxe4 Bg7 27. b3 Rae8+ 28. Kd3 Kf7 29. a3 Kg6 30. b4 axb4 31. axb4 Ra8 32. c5 Ra3+ 33. Kc4 Kf5 34. cxd6 cxd6 35. Bxd6 Rc8+ 36. Kb5 Ke4 37. Bc5 Be5 38. Rd2 Bd7+ 39. Kb6 Ra6+ 40. Kxb7 Raa8 41. d6 Rab8+ 42. Ka7 Ra8+ 43. Kb7 Bc6+ 44. Kb6 Rab8+ 45. Ka6 Bb5+ 46. Ka5 Bd7 47. Rh1 Rb5+ 48. Ka6 Ra8+ 49. Ba7 Kf5 50. Rf2+ Ke6 51. Rxh5 Rxb4 52. Rh6+ Kd5 53. Rd2+ Ke4 54. Rh4+ Kf5 55. Rxb4 1-0


[Site "https://www.chess.com"]

[Event "Titled Tuesday Blitz April 25 Early 2023"]
[White "Moksh Amit Doshi"]
[Black "Belenkaya, Dina"]
[WhiteFideId "25064967"]
[BlackFideId "24142654"]
[WhiteElo "2297"]
[BlackElo "2208"]
[Result "1-0"]
[Round "06"]
[TimeControl "180+2"]
[Date "2023.04.25"]
[WhiteClock "0:01:55"]
[BlackClock "0:00:09"]

1. Nf3 d5 2. d4 Nf6 3. Bf4 c5 4. e3 Nc6 5. Nbd2 cxd4 6. exd4 Bf5 7. Bb5 a6 8. Bxc6+ bxc6 9. c4 Bd3 10. Ne5 Bxc4 11. b3 Bb5 12. a4 g5 13. Bxg5 Rg8 14. Be3 Rxg2 15. axb5 cxb5 16. Qf3 Rg8 17. Rc1 Rc8 18. Ke2 e6 19. Rxc8 Qxc8 20. Qxf6 1-0


[Site "https://www.chess.com"]

[Event "Titled Tuesday Blitz April 25 Early 2023"]
[White "Topalov, Aleksandar"]
[Black "SashaKuzhilniy"]
[WhiteFideId "925659"]
[WhiteElo "2151"]
[BlackElo "2554"]
[Result "0-1"]
[Round "06"]
[TimeControl "180+2"]
[Date "2023.04.25"]
[WhiteClock "0:00:21"]
[BlackClock "0:00:14"]

1. b3 d5 2. Bb2 c6 3. Nf3 Bf5 4. g3 e6 5. Bg2 h6 6. O-O Nf6 7. d3 Nbd7 8. Nbd2 Be7 9. e4 Bh7 10. Qe2 O-O 11. Kh1 a5 12. a3 b5 13. Ng1 a4 14. b4 Rc8 15. d4 dxe4 16. Nxe4 Nxe4 17. Bxe4 Bxe4+ 18. Qxe4 Nf6 19. Qe2 Qd5+ 20. Nf3 Ne4 21. Kg1 Nd6 22. Rad1 Nc4 23. Bc1 Bf6 24. c3 Rfe8 25. Rfe1 Rcd8 26. Nd2 Nxd2 27. Rxd2 Re7 28. Rd3 e5 29. Re3 Rde8 30. Qh5 exd4 31. Qxd5 cxd5 32. Rxe7 Rxe7 33. Rxe7 Bxe7 34. cxd4 h5 35. h3 Kh7 36. Kg2 Kg6 37. g4 f5 38. f3 Bg5 39. f4 Bf6 40. gxh5+ Kxh5 41. Be3 Bh4 42. Bf2 Be7 43. Be3 Bd6 44. Kg3 g5 45. Kf3 g4+ 46. hxg4+ fxg4+ 47. Kg3 Be7 48. f5 Bh4+ 49. Kg2 Bg5 50. Bf2 Bf4 51. Bg3 Bc1 52. f6 Kg6 53. Be1 Bxa3 54. Kg3 Kxf6 55. Kxg4 Bb2 0-1


[Site "https://www.chess.com"]

[Event "Titled Tuesday Blitz April 25 Early 2023"]
[White "Mordechai, Hanan"]
[Black "Pourkashiyan, Atousa"]
[WhiteFideId "2804166"]
[BlackFideId "12502014"]
[WhiteElo "2324"]
[BlackElo "2228"]
[Result "0-1"]
[Round "06"]
[TimeControl "180+2"]
[Date "2023.04.25"]
[WhiteClock "0:00:33"]
[BlackClock "0:00:18"]

1. Nf3 d5 2. g3 Nf6 3. Bg2 c6 4. b3 Bg4 5. Bb2 Nbd7 6. O-O e6 7. h3 Bh5 8. d3 Bc5 9. Nbd2 O-O 10. e4 a5 11. a3 Qc7 12. Ra2 b5 13. e5 Ne8 14. g4 Bg6 15. Qe2 Be7 16. Nh2 Qa7 17. Kh1 Nc7 18. f4 f5 19. Raa1 c5 20. c4 bxc4 21. dxc4 Rab8 22. Rad1 d4 23. Bc6 Na6 24. g5 Rbc8 25. Bf3 Nab8 26. Qd3 Nc6 27. h4 Rb8 28. h5 Be8 29. Bxc6 Nxe5 30. fxe5 Bxc6+ 31. Kg1 Ba8 32. Nhf3 Qb7 33. Ba1 Bxg5 34. Rb1 Be3+ 35. Kh2 Qf7 36. Rh1 Qxh5+ 37. Kg2 Qg4+ 38. Kf1 Bxf3 39. Nxf3 Qxf3+ 40. Ke1 Qxh1+ 0-1


[Site "https://www.chess.com"]

[Event "Titled Tuesday Blitz April 25 Early 2023"]
[White "Liu, Casper"]
[Black "Shevtchenko, Olesya"]
[WhiteFideId "1454153"]
[BlackFideId "24131890"]
[WhiteElo "2221"]
[BlackElo "2003"]
[Result "0-1"]
[Round "06"]
[TimeControl "180+2"]
[Date "2023.04.25"]
[WhiteClock "0:01:16"]
[BlackClock "0:00:45"]

1. e4 c6 2. d4 d5 3. exd5 cxd5 4. Bd3 Nc6 5. c3 Nf6 6. Ne2 Bg4 7. O-O e6 8. Bf4 Bd6 9. Qc1 Qc7 10. Bxd6 Qxd6 11. Qf4 Qxf4 12. Nxf4 g5 13. Ne2 Bxe2 14. Bxe2 h5 15. Nd2 Kd7 16. f4 g4 17. f5 e5 18. dxe5 Nxe5 19. Nb3 Rhe8 20. Rad1 Kc6 21. Nd4+ Kb6 22. a4 a6 23. Rf4 Rac8 24. Nb3 Nc6 25. a5+ Kc7 26. Bf1 Re5 27. Ra1 Rce8 28. Nc5 Re1 29. Ra2 Rb1 30. b4 Ree1 31. Nd3 Red1 32. Nb2 Rd2 33. Rf2 Rxf2 34. Kxf2 Ne4+ 35. Kg1 Nxc3 36. Ra3 Rxb2 37. Rxc3 Rxb4 38. h3 d4 39. Rc5 Kd6 40. Rc1 Nxa5 41. hxg4 hxg4 42. Be2 g3 43. Bf3 Nc6 44. Kf1 a5 45. Ke2 a4 46. Ra1 b5 47. Be4 Ne5 48. Ra2 Rb3 49. Bc2 Re3+ 50. Kd2 Kc5 51. Bd1 Nc4+ 52. Kc1 Rc3+ 53. Kb1 a3 54. Bc2 b4 55. Bd1 b3 56. Re2 a2+ 57. Ka1 Rc1# 0-1


[Site "https://www.chess.com"]

[Event "Titled Tuesday Blitz April 25 Early 2023"]
[White "Mouhamad, Joachim"]
[Black "Hirneise, Jens"]
[WhiteFideId "656410"]
[BlackFideId "24614734"]
[WhiteElo "2125"]
[BlackElo "2345"]
[Result "0-1"]
[Round "06"]
[TimeControl "180+2"]
[Date "2023.04.25"]
[WhiteClock "0:00:06"]
[BlackClock "0:00:41"]

1. e4 c6 2. d4 g6 3. Nc3 d5 4. Nf3 dxe4 5. Nxe4 Bg7 6. c3 Nf6 7. Nxf6+ exf6 8. Bc4 O-O 9. O-O Nd7 10. Re1 Nb6 11. Bb3 a5 12. a4 Nd5 13. h3 Be6 14. Bd2 Qb6 15. Ra3 Rfe8 16. c4 Nb4 17. c5 Bxb3 18. Rxb3 Qa6 19. Bxb4 axb4 20. Rxb4 f5 21. b3 Bf6 22. Rb6 Qa7 23. Rxe8+ Rxe8 24. d5 Bd8 25. a5 Bxb6 26. axb6 Qa5 27. dxc6 Qxc5 28. Qd7 Qxc6 29. Qd4 Qe4 30. Qd7 Qe7 31. Qd4 Rd8 32. Qc3 Rd1+ 33. Kh2 Qd6+ 34. g3 Qxb6 35. Kg2 Rd8 36. h4 h5 37. Ng5 Qc6+ 38. Qxc6 bxc6 0-1


[Site "https://www.chess.com"]

[Event "Titled Tuesday Blitz April 25 Early 2023"]
[White "Ansh M Shah"]
[Black "Fiorito, Francisco"]
[WhiteFideId "25033379"]
[BlackFideId "180165"]
[WhiteElo "2084"]
[BlackElo "2341"]
[Result "0-1"]
[Round "06"]
[TimeControl "180+2"]
[Date "2023.04.25"]
[WhiteClock "0:00:01"]
[BlackClock "0:00:38"]

1. d4 Nf6 2. c4 b6 3. g3 Bb7 4. Nf3 g6 5. Bg2 Bg7 6. O-O O-O 7. Nc3 Ne4 8. Bd2 Nxc3 9. Bxc3 Be4 10. Qd2 d5 11. cxd5 Qxd5 12. Nh4 Bxg2 13. Nxg2 Rd8 14. Ne3 Qd7 15. d5 Bxc3 16. Qxc3 Na6 17. b4 Rac8 18. Rac1 Nb8 19. Rfd1 h5 20. h4 Qe8 21. Rd4 c6 22. Rc4 Rd6 23. Qe5 Nd7 24. Qg5 Nf6 25. dxc6 Rdxc6 26. Qe5 Ng4 27. Nxg4 Rxc4 28. Rxc4 Rxc4 0-1


[Site "https://www.chess.com"]